 Dungeon Crawl Stone Soup version 0.32-a0-975-g85d4e5bfdb (webtiles) character file.

Game seed: 10802966049068689012

95234 jasper the Warrior (level 15, -5/99 (129) HPs)
             Began as a Demonspawn Fighter on Apr 18, 2024.
             Was a High Priest of Ru.
             Killed from afar by Azrael (32 damage)
             ... with damnation
             ... on level 14 of the Dungeon.
             The game lasted 00:50:39 (28463 turns).

jasper the Warrior (Demonspawn Fighter)            Turns: 28463, Time: 00:50:40

HP:   -5/99 (129)   AC: 12    Str: 19    XL:     15   Next: 65%
MP:   7/15          EV: 14    Int: 16    God:    Ru [*****.]
Gold: 490           SH: 13    Dex: 14    Spells: 3/14 levels left

rFire   + . .        s - +11 whip of Ruelozxaudi {venom, rElec rPois rN++ Will-}
rCold   . . .        z - +0 kite shield
rNeg    + + .        V - +0 acid dragon scales
rPois   +            u - +2 helmet
rElec   +            y - +0 cloak
rCorr   +            (gloves unavailable)
SInv    .            X - +0 pair of boots
Will    .....        (no amulet) Stlth
                     w - ring of protection from fire
HPRegen 0.36/turn    P - +4 ring of slaying
MPRegen 0.14/turn

%: inaccuracy (-5)
@: exhausted, wreathed by umbra, heavily drained
A: claws 3, no stealth, inability to use devices, hated by all, missing an eye,
big brain 2, demonic magic 2, foul shadow 1
a: Renounce Religion, Draw Out Power, Power Leap, Apocalypse


You were on level 14 of the Dungeon.
You worshipped Ru.
Ru was extremely pleased with you.
You visited 3 branches of the dungeon, and saw 21 of its levels.
You also visited: Sewer, Ossuary and Ice Cave.

You collected 2285 gold pieces.
You spent 1795 gold pieces at shops.

Inventory:

Hand Weapons
 d - a +0 demon whip
 s - the +11 whip of Ruelozxaudi (weapon) {venom, rElec rPois rN++ Will-}
   (You found it on level 2 of the Dungeon)

   rElec:     It insulates you from electricity.
   rPois:     It protects you from poison.
   rN++:      It greatly protects you from negative energy.
   Will-:     It decreases your willpower.
Missiles
 a - a throwing net
 c - 6 javelins
 l - 181 stones (quivered)
 n - 3 curare-tipped darts
 p - 12 atropa-tipped darts
 I - 12 poisoned darts
 R - 3 silver javelins
Armour
 u - a +2 helmet (worn)
 y - a +0 cloak (worn)
 z - a +0 kite shield (worn)
 H - a +2 chain mail of willpower
 L - a +0 tower shield
 V - +0 acid dragon scales (worn)
 W - +0 steam dragon scales
 X - a +0 pair of boots (worn)
Jewellery
 b - a ring of wizardry
 i - a +6 ring of intelligence
 k - a ring of fire
 o - a ring of willpower
 q - a +5 ring of evasion
 w - a ring of protection from fire (left claw)
 E - a ring of protection from fire
 P - a +4 ring of slaying (right claw)
 S - a ring of see invisible
 Z - a +6 ring of dexterity
Talismans
 J - a serpent talisman
Wands
 v - a wand of flame (62)
Scrolls
 f - a scroll of poison
 h - 3 scrolls of fear
 j - 5 scrolls of vulnerability
 r - a scroll of butterflies
 t - 11 scrolls of teleportation
 A - 2 scrolls of fog
 G - a scroll of immolation
 K - a scroll of silence
 M - a scroll of amnesia
 N - a scroll of blinking
 Y - a scroll of enchant weapon
Potions
 e - 5 potions of heal wounds
 g - 4 potions of curing
 m - 3 potions of cancellation
 x - 3 potions of mutation
 B - a potion of invisibility
 C - 5 potions of attraction
 D - a potion of berserk rage
 F - 5 potions of enlightenment
 O - 4 potions of magic
 Q - 5 potions of lignification
 T - 6 potions of ambrosia
 U - a potion of brilliance


   Skills:
 - Level 15.0 Fighting
 - Level 12.0 Maces & Flails
 - Level 2.6 Armour
 - Level 10.0 Dodging
 - Level 15.0 Shields
 + Level 4.9 Necromancy
 - Level 6.0 Translocations


You had 3 spell levels left.
You knew the following spells:

 Your Spells              Type           Power      Damage    Failure   Level
a - Yara's Violent Unrav  Hex/Alch       0%         3d3       100%        5
b - Apportation           Tloc           38%        N/A       4%          1
c - Fugue of the Fallen   Necr           15%        N/A       22%         3
d - Blink                 Tloc           38%        N/A       7%          2

Your spell library contained the following spells:

 Spells                   Type           Power      Damage    Failure   Level
 Lesser Beckoning         Tloc           38%        N/A       7%          2
 Maxwell's Portable Pile  Tloc           19%        2d(7-19)  14%         3
 Teleport Other           Tloc           19%        N/A       14%         3
 Momentum Strike          Conj/Tloc      18%        3d8       24%         2
 Cigotuvi's Dreadful Rot  Necr/Alch/Air  10%        N/A       38%         2
 Freeze                   Ice            0%         1d3       47%         1
 Sandblast                Erth           0%         2d4       47%         1
 Ensorcelled Hibernation  Hex/Ice        0%         N/A       63%         2
 Jinxbite                 Hex            0%         N/A       63%         2
 Static Discharge         Conj/Air       0%         3-3/arc   63%         2
 Dazzling Flash           Conj/Hex       0%         N/A       85%         3
 Frozen Ramparts          Ice            0%         1d1       85%         3
 Hailstorm                Conj/Ice       0%         3d5       85%         3
 Mephitic Cloud           Conj/Alch/Air  0%         N/A       85%         3
 Passwall                 Erth           0%         N/A       85%         3
 Sigil of Binding         Hex            0%         N/A       85%         3
 Stone Arrow              Conj/Erth      0%         3d7       85%         3
 Passage of Golubria      Tloc           19%        N/A       41%         4
 Anguish                  Hex/Necr       3%         N/A       89%         4
 Airstrike                Air            0%         2d(0-16)  99%         4
 Cause Fear               Hex            0%         N/A       99%         4
 Ignite Poison            Fire/Alch      0%         N/A       99%         4
 Sticky Flame             Fire/Alch      0%         2d4       99%         4
 Alistair's Intoxication  Alch           0%         N/A       100%        5
 Freezing Cloud           Conj/Ice/Air   0%         6-21      100%        5
 Silence                  Hex/Air        0%         N/A       100%        5
 Enfeeble                 Hex            0%         N/A       100%        7
 Ignition                 Fire           0%         3d3       100%        8
 Tukima's Dance           Hex            Unusable   N/A       N/A         3
 Summon Lightning Spire   Summ/Air       Unusable   N/A       N/A         4

Dungeon Overview and Level Annotations

Branches:
Dungeon (14/15)            Temple (0/1) D:6            Lair (5/5) D:11
 Shoals (0/4) Lair:3       Spider (0/4) Lair:2        Slime (0/5) Lair:4
    Orc (2/2) D:9             Elf (0/3) Orc:2        Vaults (0/5) D:14
  Sewer (visited)         Ossuary (visited)           IceCv (visited)

Altars:
Ashenzari
Gozag
Kikubaaqudgha
Ru
Sif Muna

Shops:
D:4 *   D:11 :*   D:13 [   Orc:2 :(*[=

Annotations:
D:3 3 runed translucent doors, Anchor's ghost, amateur GnSh
D:4 1 runed translucent door, mitch45678's ghost, amateur MDEE
D:14 Azrael
Lair:2 2 transporters, bobo's ghost, journeyman DEAE


Innate Abilities, Weirdness & Mutations

You have claws for hands.
You cannot be stealthy.
You cannot study or use magical devices.
You are hated by all.
You are missing an eye, making it more difficult to aim.
You have an extremely huge brain. (Int +4)
Spells you cast may paralyse nearby enemies.
You are faintly shadowed, very rarely releasing foul flame when damaged in melee.


Message History

The vault guard is moderately wounded.
The centaur warrior barely misses you. You block the centaur warrior's attack.
You block the vault guard's attack.
Found a +0 orcbow.
The centaur warrior hits you with a +0 rapier of electrocution!
The centaur warrior closely misses you.
The vault guard hits you with a +0 battleaxe!
You take 26 damage, and have 44/116 hp.
MASSIVE DAMAGE!!
The centaur warrior hits you but does no damage.
The centaur warrior kicks you but does no damage.
The vault guard hits you with a +0 battleaxe!
* * * LOW HITPOINT WARNING * * *
The vault guard is seared by the foul flame within you!
The vault guard is moderately wounded.
You take 11 damage, and have 33/116 hp.
You thrash the vault guard!!
The vault guard looks as sick as possible!
The vault guard is severely wounded.
You redirect the centaur warrior's attack!
The centaur warrior hits itself with a +0 rapier of electrocution!!
The centaur warrior dies!
You block the vault guard's attack.
The vault guard hits you with a +0 battleaxe!
* * * LOW HITPOINT WARNING * * *
Items here: ( )) †.
You take 7 damage, and have 26/117 hp.
Activating: Apocalypse
Press: ? - help, Dir - look around, f - activate You reveal the great annihilating truth to your foes!
You kill the vault guard!
The vault guard is paralysed by terrible understanding!
You feel drained.
You hear a shout! x2; You hear an angry hiss.
You hear a shout!
You hear a roar!
You hear a horrible gurgling sound! x7; You hear a shout!
You hear a horrible gurgling sound! x4; You hear a shout! x2; You hear a roar!
You hear a horrible gurgling sound! x4; You hear a shout! x2; You hear a roar!
Azrael gestures at you.
The sphere of damnation explodes!
The damnation engulfs you!!
You die...
Ru respects your ultimate sacrifice.

..........○.#.#.#
...######°..#.#.#
.......)#°.[#.#.#
........#.○.#.#.#
........#○..#.#.#
........#R..#.#.#
........#...#...#
........)...#####
........@)....#
...p.......##.#
...........# .#
...######..# # ..
#..# # #..# #..#
..#


You could see Azrael and a vault guard (paralysed).

Vanquished Creatures
  Rupert (Lair:4)
  Frances (D:13)
  A tengu reaver (D:12)
  A balrug (Orc:1)
  An orc warlord (Orc:2)
  Nessos (D:13)
  A war gargoyle (D:12)
  A dire elephant (Lair:5)
  Snorg (Orc:2)
  2 ettins
  A vault guard (D:14)
  A great orb of eyes (D:12)
  3 hydras
  3 catoblepae
  7 centaur warriors
  7 boulder beetles
  2 two-headed ogres
  Urug (Lair:4)
  4 orc high priests (Orc:2)
  A skyshark (Lair:5)
  A fire crab (Lair:5)
  A lindwurm (Lair:5)
  Pikel (D:6)
  3 orc knights (Orc:2)
  7 ugly things
  4 orc sorcerers
  6 oklob plants (Lair:5)
  A wolf spider (D:12)
  6 cyclopes
  2 deep elf pyromancers (D:14)
  9 manticores
  Maurice (D:12)
  3 meliai (D:13)
  6 black mambas
  2 torpor snails
  2 kobold blastminers (Orc:1)
  6 cane toads
  6 gargoyles
  2 kobold demonologists (D:9)
  9 komodo dragons
  4 rime drakes
  An efreet (D:13)
  A freezing wraith (D:12)
  A tengu conjurer (D:12)
  A queen bee (D:13)
  A queen bee (shapeshifter) (D:12)
  2 polar bears (Lair:5)
  A merfolk (D:12)
  6 trolls
  13 blink frogs
  12 dream sheep
  4 slime creatures (D:12)
  A centaur simulacrum (D:12)
  3 wraiths
  A shadow (D:10)
  5 wyverns
  5 basilisks
  56 yaks
  3 steam dragons
  3 fire elementals (D:14)
  A warg (D:9)
  Menkaure (D:6)
  5 vampire mosquitoes
  14 water moccasins
  A great orb of eyes simulacrum (IceCv)
  2 acid dragons
  2 hell hounds (D:14)
  21 orc warriors
  A black bear (D:7)
  2 ice beasts (D:6)
  A sky beast (D:6)
  2 laughing skulls (D:13)
  16 centaurs
  2 ogres
  2 crocodiles (Sewer)
  2 elf zombies (Ossuary)
  A phantom (D:7)
  2 kobold brigands (D:9)
  13 bullfrogs
  2 scorpions
  3 gnoll sergeants
  7 wights
  A glowing shapeshifter simulacrum (IceCv)
  8 howler monkeys
  32 killer bees
  2 electric eels (D:6)
  4 bombardier beetles
  A centaur zombie (Ossuary)
  A human zombie (Ossuary)
  6 jellies
  Crazy Yiuf (D:2)
  15 orc priests
  18 orc wizards
  Ijyb (D:4)
  Natasha (thrice) (D:4)
  An iguana (D:5)
  6 sleepcaps
  A sickly merfolk siren (Sewer)
  A malarious merfolk avatar (Sewer)
  3 shapeshifter simulacra (IceCv)
  10 hound zombies (Ossuary)
  2 mummies (Ossuary)
  Robin (D:2)
  20 gnolls
  7 adders
  14 white imps
  5 adder zombies (Ossuary)
  6 dart slugs
  A ribbon worm (D:3)
  50 orcs
  9 ball pythons
  15 endoplasms
  13 giant cockroaches
  18 goblins
  11 hobgoblins
  5 jackals
  7 kobolds
  5 quokkas
  6 bats
  12 frilled lizards
  6 jackal zombies (Ossuary)
  4 kobold zombies (Ossuary)
  7 orc zombies (Ossuary)
  2 quokka zombies (D:6)
  23 rats
710 creatures vanquished.

Vanquished Creatures (others)
  A centaur warrior (D:14)
  A catoblepas (D:14)
  4 ugly things (D:14)
  An orc sorcerer (Orc:2)
  A cane toad (shapeshifter) (D:13)
  A rime drake (Lair:1)
  An orc warrior (Orc:2)
  A hornet simulacrum (D:14)
  A killer bee (D:13)
  An orc priest (Orc:2)
  An orc (Orc:2)
  A kobold (D:9)
15 creatures vanquished.

Grand Total: 725 creatures vanquished

Notes
Turn   | Place    | Note
-------+----------+-------------------------------------------
     0 | D:1      | jasper the Demonspawn Fighter began the quest for the Orb.
     0 | D:1      | Reached XP level 1. HP: 18/18 MP: 1/1
   240 | D:1      | Gained mutation: You are faintly shadowed, very rarely
                  | releasing foul flame when damaged in melee. [demonic
                  | ancestry]
   240 | D:1      | Reached XP level 2. HP: 24/24 MP: 2/2
   826 | D:1      | Reached XP level 3. HP: 27/30 MP: 3/3
  1001 | D:2      | Identified the +11 whip of Ruelozxaudi {venom, rElec rPois
                  | rN++ Will-}
  1037 | D:2      | Found a sacrificial altar of Ru.
  1051 | D:2      | Became a worshipper of Ru the Awakened
  1060 | D:2      | Noticed Robin
  1072 | D:2      | Killed Robin
  1156 | D:2      | Reached XP level 4. HP: 37/37 MP: 4/4
  1516 | D:2      | Found a runed translucent door.
  1517 | D:2      | Noticed Crazy Yiuf
  1524 | D:2      | Killed Crazy Yiuf
  1525 | D:2      | Gained mutation: You have sharp fingernails. [demonic
                  | ancestry]
  1525 | D:2      | Reached XP level 5. HP: 42/42 MP: 5/5
  1763 | D:3      | Found a shimmering blue altar of Sif Muna.
  1840 | D:3      | Found a broken altar of Ashenzari.
  1863 | D:3      | Found a runed translucent gate.
  1863 | D:3      | Found a runed translucent gate.
  1863 | D:3      | Found a runed translucent gate.
  1934 | D:3      | Identified the +1 robe of Heresy {rN+ Dex+2}
  2008 | D:3      | Reached skill level 5 in Maces & Flails
  2045 | D:3      | Gained mutation: You cannot study or use magical devices.
                  | [Ru sacrifice]
  2045 | D:3      | Reached * piety under Ru
  2045 | D:3      | Reached ** piety under Ru
  2153 | D:3      | Reached XP level 6. HP: 48/48 MP: 6/6
  2366 | D:3      | Noticed Anchor's ghost (amateur GnSh)
  2490 | D:4      | Noticed Ijyb
  2497 | D:4      | Killed Ijyb
  2544 | D:4      | Found a runed translucent door.
  2545 | D:4      | Noticed mitch45678's ghost (amateur MDEE)
  2689 | D:4      | Found a glowing drain.
  2698 | Sewer    | Entered a sewer
  2816 | Sewer    | Gained mutation: You have very sharp fingernails. [demonic
                  | ancestry]
  2816 | Sewer    | Reached XP level 7. HP: 54/54 MP: 7/7
  3084 | D:4      | Noticed Natasha
  3111 | D:4      | Killed Natasha
  3210 | D:4      | Found Madom's General Store.
  3217 | D:4      | Bought a scroll of silence for 133 gold pieces
  3246 | D:4      | Noticed Natasha
  3259 | D:4      | Killed Natasha
  3471 | D:4      | Noticed Natasha
  3476 | D:4      | Killed Natasha
  3655 | D:5      | Entered Level 5 of the Dungeon
  3690 | D:5      | Gained mutation: You have an unusually large brain. (Int
                  | +2) [demonic ancestry]
  3690 | D:5      | Reached XP level 8. HP: 60/60 MP: 8/8
  4231 | D:6      | Noticed Pikel
  4250 | D:6      | Killed Pikel
  4251 | D:6      | Reached skill level 10 in Maces & Flails
  4271 | D:6      | Found a sand-covered staircase.
  4287 | Ossuary  | Entered an ossuary
  4510 | Ossuary  | Gained mutation: You have claws for hands. [demonic
                  | ancestry]
  4510 | Ossuary  | Reached XP level 9. HP: 63/65 MP: 9/9
  4615 | Ossuary  | Gained mutation: You are missing an eye, making it more
                  | difficult to aim. [Ru sacrifice]
  4615 | Ossuary  | Reached *** piety under Ru
  4828 | D:6      | Noticed Menkaure
  4838 | D:6      | Killed Menkaure
  5042 | D:6      | Found a staircase to the Ecumenical Temple.
  6300 | D:7      | Learned a level 5 spell: Yara's Violent Unravelling
  6304 | D:7      | Learned a level 3 spell: Tukima's Dance
  6326 | D:7      | Reached skill level 5 in Fighting
  6692 | D:7      | Gained mutation: Spells you cast may paralyse adjacent
                  | enemies. [demonic ancestry]
  6692 | D:7      | Reached XP level 10. HP: 63/76 MP: 10/10
  7071 | D:7      | Found an ancient bone altar of Kikubaaqudgha.
  7647 | D:8      | Reached skill level 5 in Shields
  7884 | D:8      | Noticed a gargoyle
  8052 | D:9      | Gained mutation: You cannot be stealthy. [Ru sacrifice]
  8052 | D:9      | Reached **** piety under Ru
  8391 | D:9      | Found a staircase to the Orcish Mines.
  8466 | D:9      | Noticed a two-headed ogre
  8478 | D:9      | Killed a two-headed ogre
  8735 | D:9      | Gained mutation: You have an extremely huge brain. (Int +4)
                  | [demonic ancestry]
  8735 | D:9      | Reached XP level 11. HP: 84/90 MP: 11/11
  8754 | D:9      | Reached skill level 10 in Fighting
  9195 | D:9      | Found an opulent altar of Gozag.
  9266 | D:10     | Entered Level 10 of the Dungeon
  9296 | D:10     | Identified the +11 long sword of Unpleasantness {drain,
                  | rPois}
  9693 | D:10     | Noticed a two-headed ogre
  9701 | D:10     | Killed a two-headed ogre
 10346 | D:11     | Found Ericaqut's Book Emporium.
 10430 | D:11     | Bought a book of Storms for 364 gold pieces
 10506 | D:11     | Gained mutation: You are hated by all. [Ru sacrifice]
 10506 | D:11     | Reached ***** piety under Ru
 10507 | D:11     | Reached skill level 10 in Shields
 10507 | D:11     | Reached XP level 12. HP: 100/100 MP: 12/12
 10968 | D:11     | Found a staircase to the Lair.
 11108 | D:11     | Found Zeozeuri's Elemental Accessories.
 11367 | D:12     | Noticed a boulder beetle
 11558 | D:8      | Noticed a centaur warrior
 11577 | D:8      | Killed a centaur warrior
 11717 | D:8      | Found the +3 pair of gauntlets of War {Slay+5}
 11720 | D:8      | Noticed a six-headed hydra
 11734 | D:8      | Killed a six-headed hydra
 11919 | D:8      | Identified the +4 orcbow "Esmaano" {drain, rN+}
 12346 | D:8      | Learned a level 3 spell: Fugue of the Fallen
 12701 | Lair:1   | Entered Level 1 of the Lair of Beasts
 12939 | Lair:1   | Noticed a catoblepas
 12957 | Lair:1   | Killed a catoblepas
 12958 | Lair:1   | Gained mutation: Spells you cast may paralyse nearby
                  | enemies. [demonic ancestry]
 12958 | Lair:1   | Reached XP level 13. HP: 99/111 MP: 13/13
 14172 | Lair:2   | Noticed bobo's ghost (journeyman DEAE)
 14199 | Lair:2   | Found a transporter.
 14205 | Lair:2   | Found a transporter.
 14491 | Lair:2   | Found a hole to the Spider Nest.
 15562 | Lair:3   | Found a staircase to the Shoals.
 16788 | Lair:4   | Noticed Rupert
 16793 | Lair:4   | Paralysed by Rupert for 5 turns
 16807 | Lair:4   | Killed Rupert
 16808 | Lair:4   | Reached skill level 15 in Fighting
 17275 | Lair:4   | Found a staircase to the Slime Pits.
 17372 | Lair:4   | Noticed Urug
 17404 | Lair:4   | Killed Urug
 17821 | Lair:5   | Entered Level 5 of the Lair of Beasts
 18203 | Lair:4   | Reached XP level 14. HP: 52/121 MP: 14/14
 19960 | Lair:5   | Reached skill level 15 in Shields
 20134 | Lair:5   | Reached skill level 1 in Dodging
 20892 | Orc:1    | Entered Level 1 of the Orcish Mines
 20896 | Orc:1    | Found a frozen archway.
 20958 | IceCv    | Entered an ice cave
 21562 | Orc:2    | Entered Level 2 of the Orcish Mines
 21562 | Orc:2    | Found a staircase to the Elven Halls.
 22029 | Orc:1    | Found a runed translucent door.
 22032 | Orc:1    | Noticed a balrug
 22041 | Orc:1    | Killed a balrug
 22445 | Orc:2    | Noticed Snorg
 22463 | Orc:2    | Killed Snorg
 22475 | Orc:2    | Noticed an orc warlord
 22517 | Orc:2    | Killed an orc warlord
 22518 | Orc:2    | Reached skill level 5 in Dodging
 23676 | Orc:2    | Learned a level 2 spell: Blink
 23754 | Orc:2    | Found Xicabro's Antique Armour Shop.
 23755 | Orc:2    | Found Xejyquas's Antique Weapon Shop.
 23757 | Orc:2    | Found Xautz's General Store.
 23757 | Orc:2    | Found Wovuhass's Book Boutique.
 23773 | Orc:2    | Bought a scroll of teleportation for 36 gold pieces
 23774 | Orc:2    | Bought a book of the Senses for 364 gold pieces
 23774 | Orc:2    | Bought a book of Party Tricks for 286 gold pieces
 23834 | Orc:2    | Found Fiar Fatey's Jewellery Shoppe.
 23842 | Orc:2    | Bought a +4 ring of slaying for 612 gold pieces
 23999 | D:12     | Noticed Maurice
 24110 | D:12     | Killed Maurice
 24174 | D:12     | Learned a level 1 spell: Apportation
 24775 | D:12     | Reached XP level 15. HP: 112/129 MP: 15/15
 25142 | D:12     | Noticed a tengu reaver
 25165 | D:12     | Killed a tengu reaver
 25355 | D:12     | Reached skill level 10 in Dodging
 25472 | D:12     | Identified the serpent talisman of the Hecatoncheires
                  | {Will+ rCorr Int-3}
 25626 | D:13     | Reached skill level 1 in Translocations
 25843 | D:13     | Found Ikkebe's Armour Emporium.
 26341 | D:13     | Noticed Nessos
 26353 | D:13     | Killed Nessos
 26425 | D:13     | Reached skill level 5 in Translocations
 26515 | D:13     | Noticed Frances
 26525 | D:13     | Killed Frances
 27209 | D:14     | Noticed Azrael
 27227 | D:14     | Reached skill level 1 in Necromancy
 27782 | D:14     | Found a gate to the Vaults.
 28463 | D:14     | Killed from afar by Azrael

Illustrated notes

Levels and vault maps discovered:
D:1:      tekkud_arrival_beachfront_property, layout_basic, minmay_pentomino_p2
D:2:      layout_loops_cross, basic_altar, uniq_crazy_yiuf_cottage, uniq_robin
D:3:      layout_rooms, mainiacjoe_overflow_large_starburst,
          gammafunk_ghost_icy, kennysheep_boxes
D:4:      layout_rooms, portal_sewer_entry_f, serial_shops,
          nicolae_shop_gibbet_a_chance, gammafunk_ghost_grave,
          minmay_stone_trees_medium, st_stairs_6, nicolae_figureground_sparkle,
          uniq_ijyb, uniq_natasha
D:5:      wander_river, layout_rooms
D:6:      kennysheep_big_flooded_room, layout_basic, minmay_temple_entry_hall,
          enter_ossuary_4, uniq_menkaure, uniq_pikel
D:7:      layout_rooms, kennysheep_little_box, hellmonk_no_cap
D:8:      minmay_the_grid_triangle_9x9_recursive_2
          [minmay_the_grid_triangle_9x9_prize_top_heavy,
          minmay_the_grid_triangle_9x9_impossible_snake,
          minmay_the_grid_triangle_9x9_dagger,
          minmay_the_grid_triangle_9x9_zippers_vertical], layout_basic
D:9:      layout_loops_ring, grunt_gozag_statues, david_orc_3
D:10:     layout_roguey
D:11:     layout_cave_pools, david_lair_shrubbed, nicolae_elemental_shop,
          nicolae_stop_n_shop_1
D:12:     evilmike_diamond_2, layout_rooms, hangedman_fish_farm, uniq_maurice
D:13:     layout_roguey [special_room_bee], serial_shops, shop, minivault_25,
          uniq_nessos, uniq_frances
D:14:     minmay_cut_squares, layout_basic, lightli_vaults_fourway_checkpoint,
          nicolae_qazlal_general_emergency, uniq_azrael
Lair:1:   layout_regular_city, minivault_23, lemuel_fruit_tree
Lair:2:   layout_cave_shapes, dummy_spider_entry, gammafunk_ghost_arena
Lair:3:   layout_hall_layers, minmay_shoals_entry_centaurs
Lair:4:   layout_big_grid, nicolae_slime_entry_slimehenge, grunt_megastairs_4,
          uniq_urug, uniq_rupert
Lair:5:   hangedman_lair_in_review, layout_long_grid, serial_bayou,
          serial_bayou_pond_d, serial_bayou_lake_a, serial_bayou_shore_b,
          serial_bayou_pond_b, serial_bayou_crossing, serial_bayou_shore_b,
          dpeg_oklob_1
Orc:1:    dreamdust_dug_too_deep, layout_caves, portal_ice_cave_entry_imps,
          nicolae_shop_self_help
Orc:2:    st_orc_congregation, layout_diamond_mine,
          minmay_shop_enchanted_jewellery, uniq_snorg

Skill      XL: |  1  2  3  4  5  6  7  8  9 10 11 12 13 14 15 |
---------------+----------------------------------------------+-----
Maces & Flails | 2 4 5 6 8 10 12 | 12.0
Fighting       | 4 6 9 11 13 15 | 15.0
Shields        | 4 6 10 11 13 15 | 15.0
Dodging        | 8 10 | 10.0
Translocations | 6 |  6.0
Necromancy     | 4 |  4.9
Armour         | |  2.6

Action                     |  1- 3 |  4- 6 |  7- 9 | 10-12 | 13-15 || total
---------------------------+-------+-------+-------+-------+-------++-------
  Melee: Flail             |    68 |       |       |       |       ||    68
         Whip              |    32 |   147 |   409 |   585 |  1698 ||  2871
         Short sword       |    14 |       |       |       |       ||    14
         Unarmed           |       |       |       |       |     4 ||     4
  Throw: Stone             |       |     1 |     7 |    10 |    18 ||    36
         Dart              |       |       |     7 |       |     6 ||    13
         Throwing net      |       |       |     1 |       |     1 ||     2
         Javelin           |       |       |     2 |     2 |    15 ||    19
   Cast: Blink             |       |       |       |       |     1 ||     1
 Invoke: Sacrifice Artific |       |     1 |       |       |       ||     1
         Draw Out Power    |       |       |     1 |     4 |       ||     5
         Sacrifice an Eye  |       |       |     1 |       |       ||     1
         Power Leap        |       |       |       |     4 |       ||     4
         Sacrifice Stealth |       |       |       |     1 |       ||     1
         Sacrifice Love    |       |       |       |     1 |       ||     1
         Reject Sacrifices |       |       |       |       |     3 ||     3
         Apocalypse        |       |       |       |       |     9 ||     9
    Use: Scroll            |       |     5 |     6 |     8 |    14 ||    33
         Potion            |       |       |       |     2 |    10 ||    12
   Stab: Held in net/web   |       |       |     1 |       |       ||     1
         Invisible         |       |       |     2 |     3 |     9 ||    14
         Distracted        |       |       |       |     5 |     7 ||    12
         Paralysed         |       |       |       |       |    20 ||    20
         Petrified         |       |       |       |       |     9 ||     9
         Petrifying        |       |       |       |       |     3 ||     3
 Armour: Scale mail        |    44 |       |       |       |       ||    44
         Chain mail        |    11 |    52 |   222 |    12 |       ||   297
         Steam dragon scal |       |       |       |   158 |       ||   158
         Acid dragon scale |       |       |       |    56 |   556 ||   612
  Dodge: Dodged            |    52 |    26 |    68 |   114 |   347 ||   607
  Block: Buckler           |    28 |     4 |       |       |       ||    32
         Kite shield       |       |    27 |   108 |   182 |   621 ||   938

Table legend: (Time is in decaauts)
 A = Elapsed time spent in this place.
 B = Non-inter-level travel time spent in this place.
 C = Inter-level travel time spent in this place.
 D = Time resting spent in this place.
 E = Time spent auto-exploring this place.
 F = Levels seen in this place.
 G = Mean time per level.
                   A        B        C        D        E       F      G
               +--------+--------+--------+--------+--------+-----+--------+
         Total |  27506 |  26380 |   1126 |   5939 |  15127 |  24 | 1146.1 |
       Dungeon |  16006 |  15269 |    737 |   3395 |   8827 |  14 | 1143.3 |
          Lair |   7840 |   7664 |    176 |   1673 |   4744 |   5 | 1568.0 |
  Orcish Mines |   2462 |   2250 |    212 |    410 |   1269 |   2 | 1231.0 |
         Sewer |    393 |    393 |      0 |      0 |    227 |   1 |  393.0 |
       Ossuary |    388 |    388 |      0 |    110 |     58 |   1 |  388.0 |
      Ice Cave |    413 |    413 |      0 |    349 |      0 |   1 |  413.0 |
               +--------+--------+--------+--------+--------+-----+--------+

Top non-repeatable levels by time:
  Lair:5: 2452 daAuts
    D:13: 2018 daAuts
  Lair:4: 1753 daAuts
   Orc:2: 1748 daAuts
     D:8: 1539 daAuts
     D:6: 1536 daAuts
    D:12: 1496 daAuts
  Lair:3: 1340 daAuts
     D:7: 1271 daAuts
     D:9: 1233 daAuts
  Lair:2: 1176 daAuts
    D:11: 1171 daAuts
    D:10: 1165 daAuts
  Lair:1: 1116 daAuts
     D:1: 894 daAuts
